 Dungeon Crawl Stone Soup version 0.27.0-1-g7a089689b8 (webtiles) character file.

Game seed: 615853567587902054

96 Brandom the Ducker (level 4, -3/33 HPs)
             Began as a Djinni Air Elementalist on July 31, 2021.
             Was a Follower of Cheibriados.
             Splashed by a jelly's acid (7 damage)
             ... on level 2 of the Dungeon.
             The game lasted 00:05:05 (2508 turns).

Brandom the Ducker (Djinni Air Elementalist)        Turns: 2508, Time: 00:05:05

Health: -3/33      AC: -10   Str: 10    XL:     4   Next: 98%
Gold:   160        EV: 13    Int: 18    God:    Cheibriados [*.....] SH:  0 Dex: 16

rFire    + + .     SeeInvis .   g - +5 quarterstaff
rCold    x . .     Faith    .   (shield currently unavailable)
rNeg     . . .     Spirit   .   a - +0 robe
rPois    ∞         Reflect  .   (no helmet)
rElec    .         Harm     .   (no cloak)
rCorr    .         Rampage  .   (no gloves)
Will     .....                  (boots unavailable)
Stlth    ++........             (no amulet)
HPRegen  0.11/turn              (no ring)
MPRegen  0.00/turn              (no ring)

@: corroded, flying, very slow
A: sickness immunity, fire resistance 2, cold vulnerability 1, float, innate
caster, hp casting, extra vitality 1
a: Renounce Religion, Bend Time


You were on level 2 of the Dungeon.
You worshipped Cheibriados.
Cheibriados was aware of your devotion.
You visited 1 branch of the dungeon, and saw 2 of its levels.

You collected 160 gold pieces.

Inventory:

Hand Weapons
 c - a +1 dagger of electrocution
   (You took it off a kobold on level 1 of the Dungeon)
 f - a +0 glaive
   (You found it on level 2 of the Dungeon)
 g - a +5 quarterstaff (weapon)
   (You found it on level 2 of the Dungeon)
Armour
 a - a +0 robe (worn)
Scrolls
 b - 2 scrolls of enchant weapon {unknown}
 e - 3 scrolls of teleportation {unknown}
 h - a scroll of summoning {unknown}
Potions
 d - a potion of curing {unknown}


   Skills:
 + Level 1.9 Fighting
 - Level 1.3 Short Blades
 + Level 3.2 Dodging
 - Level 1.5 Stealth
 + Level 2.9 Spellcasting


You couldn't memorise any spells.
You knew the following spells:

 Your Spells              Type           Power      Damage    Failure   Level
a - Shock                 Conj/Air       52%        1d6       4%          1
b - Static Discharge      Conj/Air       13%        N/A       8%          2
c - Airstrike             Air            6%         N/A       43%         4
d - Summon Small Mammal   Summ           52%        N/A       4%          1
s - Swiftness             Air            13%        N/A       14%         3
Your spell library was empty.

Dungeon Overview and Level Annotations

Branches:
Dungeon (2/15)

Altars:
Cheibriados


Innate Abilities, Weirdness & Mutations

You are immune to sickness and miasma.
You are immune to poison.
Your flesh is very heat resistant. (rF++)
You are vulnerable to cold. (rC-)
You float through the air rather than walking.
You learn spells naturally, not from books.
Your magical power is your life essence.
You have superior vitality. (+4 HP)


Message History

The frilled lizard closely misses you.
You hit the frilled lizard.
You kill the frilled lizard!
Cheibriados appreciates the change of pace.
No target in view!
No target in view!
e - 3 scrolls labelled QITITO KIHINTE (gained 1)
There is an open door here.
You reach down and open the door.
A rat and a hobgoblin come into view.
Found a scroll labelled HOLASTAEMA and a runed scale mail.
There are monsters nearby!
There is an open door here.
The rat misses you.
You sock the rat!
You kill the rat!
Cheibriados appreciates the change of pace.
The helpless hobgoblin fails to defend itself.
You sock the hobgoblin!
You kill the hobgoblin!
Cheibriados appreciates the change of pace.
No target in view!
No target in view!
You see here a +0 scale mail of poison resistance.
h - a scroll labelled HOLASTAEMA You see here a rat corpse.
There is an open door here.
You reach down and open the door.
A jelly and a giant cockroach come into view.
Found 16 arrows.
There is an open door here.
The jelly quivers.
The jelly misses you.
You hit the jelly.
Your hands burn!
The jelly hits you. The acid corrodes you!
You are splashed with acid!
You sock the jelly!
Your hands burn!
The jelly closely misses you.
You hit the jelly. The acid corrodes you!
Your hands burn!
* * * LOW HITPOINT WARNING * * *
The jelly closely misses you. The jelly hits you.
* * * LOW HITPOINT WARNING * * *
You are splashed with acid!
* * * LOW HITPOINT WARNING * * *
The giant cockroach closely misses you.
There is an open door here.
Unknown command.
The jelly hits you.
* * * LOW HITPOINT WARNING * * *
The acid corrodes you!
You are splashed with acid!
You die...

#...# ##...... #...#
#.>.... #...# #### ##.....
#...###...## #.....
#...##.....## ##....
#...#.......# #....
+...B....(..# #....
#..J#.......# #....
#..@##.....## #####
#...###...## ###### #####
#...# #####
.....###...###...###...##
####.##.....##...##.....##
#.#.......#...#.......#
#.#.......'...'.†.....#
#.#.......#.†)#.......#
#.##.....##...##...[.##


You could see a jelly and a giant cockroach.

Vanquished Creatures
  A gnoll (D:2)
  3 adders (D:2)
  3 worms (D:2)
  2 dart slugs (D:2)
  4 bats
  An endoplasm (D:2)
  2 goblins (D:1)
  2 hobgoblins
  3 kobolds
  2 quokkas (D:1)
  4 ball pythons
  4 frilled lizards
  4 rats
35 creatures vanquished.

Vanquished Creatures (collateral kills)
  2 gnolls (D:2)
2 creatures vanquished.

Vanquished Creatures (others)
  8 plants (D:1)
8 creatures vanquished.

Grand Total: 45 creatures vanquished

Notes
Turn   | Place    | Note
-------+----------+-------------------------------------------
     0 | D:1      | Brandom the Djinni Air Elementalist began the quest for the
                  | Orb.
     0 | D:1      | Reached XP level 1. HP: 15/15 MP: 0/0
   290 | D:1      | Reached XP level 2. HP: 21/22 MP: 0/0
   809 | D:1      | Reached skill level 1 in Fighting
  1358 | D:2      | Reached XP level 3. HP: 12/27 MP: 0/0
  1358 | D:2      | Learned a level 1 spell: Summon Small Mammal
  1628 | D:2      | Reached skill level 1 in Short Blades
  1628 | D:2      | Reached skill level 3 in Dodging
  1628 | D:2      | Reached XP level 4. HP: 28/32 MP: 0/0
  2386 | D:2      | Found a faded altar of an unknown god.
  2395 | D:2      | Became a worshipper of Cheibriados the Contemplative
  2395 | D:2      | Reached * piety under Cheibriados
  2508 | D:2      | Splashed by a jelly's acid

Illustrated notes

Levels and vault maps discovered:
D:1:      roderic_crop_circles_arrival_small, layout_loops_corners,
          corexii_item_surrounded_by_moat, minmay_misc_feat_cross
D:2:      kennysheep_six_static_rooms, layout_basic, basic_ecumenical_altar

Skill      XL: |  1  2  3 |
---------------+----------+-----
Fighting       | 1 |  1.9
Short Blades   | 1 |  1.3
Dodging        | 3 |  3.2
Stealth        | |  1.5
Spellcasting   | |  2.9

Action                   |  1- 3 |  4- 6 || total
-------------------------+-------+-------++-------
Melee: Dagger            |    35 |    43 ||    78
       Quarterstaff      |       |    12 ||    12
 Cast: Shock             |    17 |       ||    17
       Summon Small Mamm |     8 |     2 ||    10
 Stab: Sleeping          |     3 |     3 ||     6
Armor: Robe              |     5 |     5 ||    10
Dodge: Dodged            |    17 |    42 ||    59
